 Dungeon Crawl Stone Soup version 0.21-a0-504-g2eda330 (webtiles) character file.

185 slep the Poker (level 5, -2/42 HPs)
             Began as a Demonspawn Monk on Nov 26, 2017.
             Slain by a river rat (5 damage)
             ... in a sewer.
             The game lasted 00:10:12 (1944 turns).

slep the Poker (Demonspawn Monk)                    Turns: 1944, Time: 00:10:13

Health: -2/42      AC:  7    Str: 12    XL:     5   Next: 37%
Magic:  0/5        EV: 10    Int: 12    God:
Gold:   157        SH:  0    Dex: 15    Spells: 4/4 levels left

rFire    . . .     SeeInvis +   a - +0 spear
rCold    . . .     Gourm    .   (no shield)
rNeg     . . .     Faith    .   p - +0 scale mail
rPois    .         Spirit   +   d - +0 helmet
rElec    .         Reflect  .   (no cloak)
rCorr    .         Harm     .   (no gloves)
MR       .....                  (no boots)
Stlth    +.........             l - amulet of inaccuracy (curse)
HPRegen  0.14/turn              m - ring of see invisible
MPRegen  0.09/turn              (no ring)

@: very slightly contaminated, invisible
A: powered by death 1, magic shield
a: no special abilities


You were in a sewer.
You were not hungry.

You visited 1 branch of the dungeon, and saw 4 of its levels.
You also visited: Sewer.

You collected 157 gold pieces.

Inventory:

Hand Weapons
 a - a +0 spear (weapon)
Armour
 b - a +0 robe
 d - a +0 helmet (worn)
 e - a +0 ring mail
 p - a +0 scale mail (worn)
Jewellery
 l - a cursed amulet of inaccuracy (around neck)
 m - a ring of see invisible (left hand)
Scrolls
 f - a scroll of immolation {unknown}
 h - 2 scrolls of identify {unknown}
 i - a scroll of fear {unknown}
 j - 3 scrolls of remove curse {unknown}
 n - a scroll of fog {unknown}
 o - 2 scrolls of amnesia {unknown}
 q - a scroll of magic mapping {unknown}
 s - a scroll of teleportation {unknown}
Comestibles
 c - 3 bread rations
 g - 2 royal jellies


   Skills:
 + Level 3.7 Fighting
 + Level 4.0 Polearms
 + Level 1.5 Armour
 + Level 3.5 Dodging
 + Level 2.2 Stealth


You had 4 spell levels left.
You didn't know any spells.

Dungeon Overview and Level Annotations

Branches:
Dungeon (4/15)
 Temple: D:4-7

Altars:
Ashenzari
Kikubaaqudgha
Vehumet
Yredelemnul


Innate Abilities, Weirdness & Mutations

You regenerate a little health from kills.
When hurt, damage is shared between your health and your magic reserves.


Message History

You hit the river rat.
The river rat is severely wounded.
You catch the helpless river rat completely off-guard!
You hit the river rat but do no damage.
The river rat is severely wounded.
The river rat barely misses you.
You hit the river rat.
The river rat is severely wounded.
The river rat closely misses you.
You barely miss the river rat.
The river rat is severely wounded.
The river rat closely misses you.
You hit the river rat but do no damage.
The river rat is severely wounded.
The river rat barely misses you.
You catch the helpless river rat completely off-guard!
You hit the river rat.
The river rat is almost dead.
The river rat bites you.
You die...

## . .# ..# ## #.# #. #r# #.#r#
##r## #@#.#
#################.#############
≈.≈≈.≈≈≈≈≈≈≈≈...÷.≈≈..≈.≈≈#≈≈≈≈
≈.≈.≈≈≈≈≈≈.†≈≈....≈..≈..≈≈#≈≈≈≈
###############################


You could see 2 river rats and a rat.

Vanquished Creatures
  2 hounds (D:4)
  2 adders
  A river rat (D:3)
  A howler monkey skeleton (D:4)
  2 oozes
  An adder skeleton (D:4)
  2 dart slugs (D:1)
  2 leopard geckos (D:1)
  2 orcs (D:3)
  3 ball pythons
  4 bats
  5 giant cockroaches
  12 hobgoblins
  A quokka (D:2)
  3 frilled lizards
  11 goblins
  5 kobolds
  A leopard gecko skeleton (D:4)
  7 rats
67 creatures vanquished.

Notes
Turn   | Place    | Note
-------+----------+-------------------------------------------
     0 | D:1      | slep the Demonspawn Monk began the quest for the Orb.
     0 | D:1      | Reached XP level 1. HP: 18/18 MP: 1/1
   246 | D:1      | Gained mutation: You regenerate a little health from kills. [demonic ancestry]
   246 | D:1      | Reached XP level 2. HP: 19/24 MP: 2/2
   287 | D:1      | Reached skill level 3 in Polearms
   501 | D:1      | Gained mutation: When hurt, damage is shared between your health and your magic reserves. [demonic ancestry]
   501 | D:1      | Reached XP level 3. HP: 28/29 MP: 3/3
   979 | D:2      | Found a basalt altar of Yredelemnul.
   983 | D:2      | Found a shattered altar of Ashenzari.
   987 | D:2      | Found an ancient bone altar of Kikubaaqudgha.
  1070 | D:2      | Found a faded altar of an unknown god.
  1110 | D:2      | You fall through a shaft!
  1122 | D:3      | You fall through a shaft!
  1162 | D:4      | Reached XP level 4. HP: 33/35 MP: 2/4
  1204 | D:4      | Reached skill level 1 in Armour
  1245 | D:4      | Reached XP level 5. HP: 13/41 MP: 2/5
  1464 | D:3      | Found a radiant altar of Vehumet.
  1764 | D:3      | Found a glowing drain.
  1768 | Sewer    | Entered a sewer
  1876 | Sewer    | Reached skill level 4 in Polearms
  1935 | Sewer    | HP: 2/42 [river rat (5)]
  1944 | Sewer    | Slain by a river rat

Vault maps used:
D:1:      lightli_arrival_isolated_outpost, minivault_19, minmay_pentomino_v4
D:2:      grunt_temple_overflow_diamond, first_bread,
          chequers_ecumenical_altar_simple_redux, minmay_misc_feat_room
D:3:      cheibrodos_greedy_goblins, vehumet_crystals,
          gammafunk_temple_overflow_arena, gup_sewer_entry_bowl
D:4:      nicolae_ru_the_path_less_chosen, minmay_temple_entry_junction
Sewer:    sewer_co_cracked_pipes

Skill      XL: |  1  2  3  4  5 |
---------------+----------------+-----
Polearms       | 3 4 |  4.0
Dodging        | 3 |  3.5
Stealth        | 2 |  2.2
Armour         | 1 |  1.5
Fighting       | |  3.7

Action                   |  1- 3 |  4- 6 || total
-------------------------+-------+-------++-------
Melee: Spear             |   186 |   236 ||   422
  Use: Potion            |       |     4 ||     4
 Stab: Sleeping          |     2 |       ||     2
       Invisible         |       |     3 ||     3
  Eat: Chunk             |     1 |     3 ||     4
Armor: Ring mail         |    66 |       ||    66
       Scale mail        |    12 |    95 ||   107
Dodge: Dodged            |   116 |   108 ||   224

Table legend:
 A = Spawn XP
 B = Non-spawn XP
 C = Spawn XP percentage of total XP
 D = Spawn monster count
 E = Non-spawn monster count
 F = Spawn count percentage of total count
 G = Total turns spent on level
                    A         B        C        D         E        F      G
               +---------+---------+-------+---------+---------+-------+---------
         Total |       0 |     265 |   0.0 |       0 |      67 |   0.0 |  1944
               +---------+---------+-------+---------+---------+-------+---------
           D:1 |       0 |      51 |   0.0 |       0 |      24 |   0.0 |   692
           D:2 |       0 |      29 |   0.0 |       0 |      13 |   0.0 |   418
           D:3 |       0 |      47 |   0.0 |       0 |      19 |   0.0 |   463
           D:4 |       0 |     120 |   0.0 |       0 |       6 |   0.0 |   195
         Sewer |       0 |      18 |   0.0 |       0 |       5 |   0.0 |   176
               +---------+---------+-------+---------+---------+-------+---------
